 Dungeon Crawl Stone Soup version 0.30-a0-622-gddc90eaa04 (webtiles) character file.

Game seed: 6237377880413727721

13767 lesbiats the Grappler (level 11, -2/111 HPs)
             Began as a Troll Fighter on Jan 11, 2023.
             Was a High Priest of Wu Jian.
             Slain by a white ugly thing (26 damage)
             ... on level 12 of the Dungeon.
             The game lasted 00:46:04 (10960 turns).

lesbiats the Grappler (Troll Fighter)              Turns: 10960, Time: 00:46:04

Health: -2/111     AC:  6    Str: 26    XL:     11   Next: 79%
Magic:  10/10      EV:  9    Int: 14    God:    Wu Jian [*****.]
Gold:   1715       SH: 10    Dex:  9    Spells: 10/10 levels left

rFire   . . .      SeeInvis .      - Unarmed
rCold   . . .      Faith    .    b - +0 kite shield
rNeg    . . .      Spirit   .    L - +0 troll leather armour
rPois   .          Reflect  .    (helmet restricted)
rElec   .          Harm     .    (no cloak)
rCorr   .          Rampage  .    (gloves unavailable)
Will    .....                    (boots unavailable)
Stlth   +                        Q - amulet of regeneration
HPRegen 2.78/turn                I - +6 ring of intelligence
MPRegen 0.12/turn                N - ring of flight

@: flying
A: large, unfitting armour, claws 3, regeneration 1, shaggy fur 1, tough skin 1
a: Renounce Religion, Wall Jump, Serpent's Lash, Heavenly Storm


You were on level 12 of the Dungeon.
You worshipped Wu Jian.
Wu Jian was extremely pleased with you.
You visited 2 branches of the dungeon, and saw 13 of its levels.
You also visited: Bailey.

You collected 1715 gold pieces.

Inventory:

Hand Weapons
 P - the +11 flail of the Water Diviner {venom, rN+ Will+ MP-9 Stlth+}
   (You found it on level 9 of the Dungeon)

   rN:        It protects you from negative energy.
   MP:        It affects your magic capacity (-9).
   Will:      It increases your willpower.
   Stlth:     It makes you more stealthy.
Missiles
 m - 3 large rocks
 s - 64 poisoned darts (quivered)
 D - 26 boomerangs
 E - 7 curare-tipped darts
 H - 5 throwing nets
 R - 4 atropa-tipped darts
Armour
 a - a +0 robe
 b - a +0 kite shield (worn)
 L - a +0 troll leather armour (worn)
Jewellery
 v - a ring of fire
 I - a +6 ring of intelligence (left claw)
 M - a ring of ice
 N - a ring of flight (right claw)
 Q - an amulet of regeneration (around neck)
Wands
 t - a wand of charming (24)
 C - a wand of quicksilver (11)
 K - a wand of polymorph (4)
 O - a wand of roots (7)
 U - a wand of digging (5)
Scrolls
 d - 6 scrolls of teleportation
 e - a scroll of brand weapon {unknown}
 g - 4 scrolls of vulnerability
 n - 4 scrolls of immolation
 o - 5 scrolls of fog
 p - 2 scrolls of amnesia {unknown}
 u - 2 scrolls of blinking
 w - 2 scrolls of magic mapping
 x - 3 scrolls of enchant weapon
 y - 3 scrolls of fear
 z - 2 scrolls of butterflies {unknown}
 A - a scroll of poison {unknown}
 F - a scroll of acquirement {unknown}
 T - a scroll of enchant armour {unknown}
Potions
 c - 7 potions of might
 f - 5 potions of flight
 h - a potion of resistance {unknown}
 i - 5 potions of curing
 j - a potion of degeneration {unknown}
 k - 3 potions of invisibility
 l - 6 potions of mutation
 q - a potion of lignification
 r - a potion of brilliance {unknown}
 B - 3 potions of heal wounds
 G - 2 potions of magic
 J - 2 potions of haste
 S - a potion of attraction {unknown}


   Skills:
 + Level 8.2 Fighting
 + Level 4.9 Dodging
 + Level 9.0 Shields
 * Level 13.2 Unarmed Combat


You had 10 spell levels left.
You didn't know any spells.
Your spell library contained the following spells:

 Spells                   Type           Power      Damage    Failure   Level
 Beastly Appendage        Tmut           0%         N/A       54%         1
 Kiss of Death            Conj/Necr      0%         2d5       54%         1
 Magic Dart               Conj           0%         1d3       54%         1
 Necrotise                Necr           0%         1d4       54%         1
 Cigotuvi's Dreadful Rot  Necr/Pois/Air  0%         N/A       67%         2
 Searing Ray              Conj           0%         2d4       67%         2
 Wereblood                Tmut           0%         N/A       67%         2
 Confusing Touch          Hex            0%         N/A       88%         3
 Spider Form              Tmut/Pois      0%         N/A       88%         3
 Vampiric Draining        Necr           0%         2d6       88%         3
 Dispel Undead            Necr           0%         3d6       99%         4
 Fulminant Prism          Conj/Hex       0%         3d5       99%         4
 Agony                    Necr           0%         N/A       100%        5
 Death Channel            Necr           0%         N/A       100%        6


Dungeon Overview and Level Annotations

Branches:
Dungeon (12/15)            Temple (1/1) D:5            Lair (0/5) D:9
    Orc (0/2) D:11         Bailey (visited)

Altars:
Ashenzari
Cheibriados
Dithmenos
Elyvilon
Fedhas
Gozag
Hepliaklqana
Kikubaaqudgha
Makhleb
Nemelex Xobeh
Okawaru
Qazlal
Ru
Sif Muna
Trog
Uskayaw
Vehumet
Wu Jian
Xom
Yredelemnul
Zin
The Shining One

Shops:
D:7 =


Innate Abilities, Weirdness & Mutations

You are too large for most types of armour.
You have claws for hands.
Your natural rate of healing is unusually fast.
You are covered in fur. (AC +1)
You have tough skin. (AC +1)


Message History

The kobold throws a stone.
You block the stone.
You lunge at the kobold, in a flurry of attacks.
You mangle the kobold!!
You kill the kobold!
The Council accepts your kill.
Things that are here:
a +0 dagger; 3 stones
Found a stone staircase leading down.
y - 3 scrolls of fear (gained 1) As you open the door, it creaks loudly!
There is an open door here.
There is an open door here.
A white ugly thing comes into view.
The white ugly thing gurgles horribly!
You lunge at the white ugly thing.
You scratch the white ugly thing.
The white ugly thing is lightly wounded.
The white ugly thing tail-slaps you but does no damage.
You barely miss the white ugly thing.
The white ugly thing is lightly wounded.
The white ugly thing tail-slaps you. The white ugly thing freezes you!!
You claw the white ugly thing!
The white ugly thing is moderately wounded.
The white ugly thing closely misses you.
You scratch the white ugly thing but do no damage.
The white ugly thing is moderately wounded.
The white ugly thing tail-slaps you. The white ugly thing freezes you!
You barely miss the white ugly thing.
The white ugly thing is moderately wounded.
You closely miss the white ugly thing.
The white ugly thing is moderately wounded.
The white ugly thing tail-slaps you! The white ugly thing freezes you!!
* * * LOW HITPOINT WARNING * * *
You scratch the white ugly thing.
The white ugly thing is moderately wounded.
The white ugly thing misses you.
The white ugly thing attacks as you move away!
The white ugly thing tail-slaps you!
* * * LOW HITPOINT WARNING * * *
The white ugly thing freezes you!!
You die...

## #...# #..#
.#...##...# #..#
.#........#
#..##.#........'
#+#######.....#........#
..............#...######
..............#####.....
........................
......u@............##..
.........##....###..##..
....##...##....# #..##..
... #...##....# #..##..
. .....##....###..##..
.....................
######################


You could see a white ugly thing.

Vanquished Creatures
  Harold (D:10)
  2 two-headed ogres
  2 slime creatures (D:12)
  Pikel (D:4)
  2 orc knights (Bailey)
  Maurice (D:11)
  2 kobold demonologists (D:12)
  An unseen horror (D:9)
  A komodo dragon (D:9)
  3 trolls
  A hornet (D:8)
  2 water elementals (D:11)
  Eustachio (D:4)
  A wraith (D:11)
  Grum (D:11)
  2 vampire mosquitoes (D:12)
  Menkaure (D:4)
  Edmund (D:6)
  2 water moccasins
  12 orc warriors
  A black bear (D:5)
  2 ice beasts
  6 ogres
  4 wolves (D:11)
  3 centaurs
  A phantom (D:6)
  Blork the orc (D:6)
  4 kobold brigands
  3 gnoll sergeants
  3 bullfrogs
  3 necrophages
  3 scorpions
  11 wights
  10 killer bees
  3 howler monkeys (D:9)
  2 electric eels (D:11)
  13 hounds
  4 jellies
  10 orc priests
  A gnoll bouda (D:7)
  Jessica (D:3)
  An iguana (D:5)
  10 orc wizards
  6 adders
  24 gnolls
  3 white imps
  An ufetubus (D:6)
  3 worms
  3 dart slugs
  36 orcs
  13 ball pythons
  6 bats
  8 endoplasms
  5 giant cockroaches
  5 goblins
  15 hobgoblins
  6 jackals (D:1)
  7 quokkas
  2 frilled lizards
  59 kobolds
  7 rats
349 creatures vanquished.

Vanquished Creatures (others)
  2 orc wizards (D:11)
  65 plants
67 creatures vanquished.

Grand Total: 416 creatures vanquished

Notes
Turn   | Place    | Note
-------+----------+-------------------------------------------
     0 | D:1      | lesbiats the Troll Fighter began the quest for the Orb.
     0 | D:1      | Reached XP level 1. HP: 22/22 MP: 0/0
   120 | D:1      | Reached XP level 2. HP: 26/29 MP: 1/1
   613 | D:1      | Reached XP level 3. HP: 36/36 MP: 2/2
   872 | D:2      | Reached skill level 3 in Unarmed Combat
  1738 | D:3      | Reached XP level 4. HP: 36/44 MP: 3/3
  1885 | D:3      | Noticed Jessica
  1892 | D:3      | Killed Jessica
  1893 | D:3      | Reached skill level 4 in Unarmed Combat
  1893 | D:3      | Reached XP level 5. HP: 49/53 MP: 4/4
  2036 | D:3      | Found a faded altar of an unknown god.
  2318 | D:3      | Noticed a shadow
  2319 | D:3      | Found a shadowy altar of Dithmenos.
  2332 | D:3      | Found a hazy altar of Hepliaklqana.
  2654 | D:4      | Reached XP level 6. HP: 56/61 MP: 5/5
  2709 | D:4      | Noticed Eustachio
  2750 | D:4      | Killed Eustachio
  2751 | D:4      | Reached skill level 5 in Unarmed Combat
  2916 | D:4      | Reached XP level 7. HP: 68/68 MP: 6/6
  3137 | D:4      | Noticed Pikel
  3150 | D:4      | Killed Pikel
  3151 | D:4      | Reached skill level 6 in Unarmed Combat
  3269 | D:4      | Noticed Menkaure
  3273 | D:4      | Killed Menkaure
  3274 | D:4      | Reached skill level 5 in Shields
  3274 | D:4      | Reached skill level 7 in Unarmed Combat
  3274 | D:4      | Reached XP level 8. HP: 79/79 MP: 7/7
  3576 | D:5      | Entered Level 5 of the Dungeon
  3652 | D:5      | Reached skill level 5 in Fighting
  3733 | D:5      | Found a staircase to the Ecumenical Temple.
  3759 | Temple   | Entered the Ecumenical Temple
  3772 | Temple   | Became a worshipper of the Wu Jian Council
  3908 | D:5      | Reached skill level 8 in Unarmed Combat
  4109 | D:5      | Found a glowing silver altar of Zin.
  4331 | D:6      | Noticed Edmund
  4340 | D:6      | Killed Edmund
  4445 | D:6      | Noticed Blork the orc
  4450 | D:6      | Killed Blork the orc
  4451 | D:6      | Reached XP level 9. HP: 81/88 MP: 8/8
  4839 | D:6      | Reached skill level 9 in Unarmed Combat
  5473 | D:7      | HP: 4/89 [wight/+3 halberd (17)]
  5575 | D:7      | Reached * piety under Wu Jian
  5697 | D:7      | Found Oroorunn's One-of-a-Kind Rings.
  5814 | D:7      | Reached skill level 10 in Unarmed Combat
  6176 | D:7      | Reached ** piety under Wu Jian
  6220 | D:7      | Reached XP level 10. HP: 70/100 MP: 9/9
  6943 | D:8      | Reached *** piety under Wu Jian
  7467 | D:9      | Found a staircase to the Lair.
  7568 | D:9      | Identified the +11 flail of the Water Diviner {venom, rN+
                  | Will+ MP-9 Stlth+}
  7690 | D:9      | Reached skill level 11 in Unarmed Combat
  7749 | D:9      | Found a flagged portal.
  7898 | Bailey   | Entered a bailey
  7986 | Bailey   | Noticed an orc knight
  8045 | Bailey   | Noticed an orc knight
  8069 | Bailey   | Killed an orc knight
  8233 | Bailey   | Killed an orc knight
  8241 | Bailey   | Reached **** piety under Wu Jian
  8431 | D:9      | Noticed a two-headed ogre
  8447 | D:9      | Killed a two-headed ogre
  8714 | D:10     | Entered Level 10 of the Dungeon
  8852 | D:10     | Found a snail-covered altar of Cheibriados.
  8864 | D:10     | Noticed Harold
  8887 | D:9      | Reached skill level 12 in Unarmed Combat
  8887 | D:9      | Reached XP level 11. HP: 93/109 MP: 10/10
  8946 | D:10     | Killed Harold
  9359 | D:10     | Found a glowing golden altar of the Shining One.
  9359 | D:10     | Found a radiant altar of Vehumet.
  9367 | D:10     | Found a stormy altar of Qazlal.
  9369 | D:10     | Found a faded altar of an unknown god.
  9371 | D:10     | Found a faded altar of an unknown god.
  9697 | D:11     | Noticed Maurice
  9714 | D:11     | Killed Maurice
  9844 | D:11     | Reached ***** piety under Wu Jian
 10218 | D:11     | Noticed Grum
 10307 | D:11     | Killed Grum
 10321 | D:11     | Noticed a two-headed ogre
 10365 | D:11     | Killed a two-headed ogre
 10505 | D:11     | Found a staircase to the Orcish Mines.
 10701 | D:12     | Reached skill level 13 in Unarmed Combat
 10824 | D:12     | Noticed a sixfirhy
 10950 | D:12     | Noticed a white ugly thing
 10960 | D:12     | Slain by a white ugly thing

Illustrated notes

Levels and vault maps discovered:
D:1:      mrwooster_arrival_arrow, layout_basic
D:2:      layout_basic, chequers_hall_statues_corner_a
D:3:      minmay_chambers_of_threes, layout_basic,
          riverfiend_overflow_shadow_ancestor, ebering_ecumenical_altar_hall,
          grunt_ministairs_14, nicolae_titane, uniq_jessica
D:4:      layout_cave_pods, serial_bayou_crossing, uniq_eustachio, uniq_pikel,
          uniq_menkaure
D:5:      layout_gridville, zin_academy, minmay_temple_entry_waves
D:6:      layout_loops_ring, uniq_edmund, uniq_blork_the_orc
D:7:      kennysheep_housing_project, layout_rooms, nicolae_shop_unique_rings
D:8:      kennysheep_kobold_camp, layout_cave_pools, kennysheep_generic_room_11
D:9:      layout_basic, lair_entry_dummy, enter_bailey_8
D:10:     layout_rooms, chequers_temple_overflow_minitemple, lemuel_round_altar,
          uniq_harold
D:11:     layout_irregular_city, erik_orc_2, uniq_grum, uniq_maurice
D:12:     layout_stronghold
Temple:   hellmonk_temple_two_chambers

Skill      XL: |  1  2  3  4  5  6  7  8  9 10 11 |
---------------+----------------------------------+-----
Shields        | 3 4 5 6 7 8 9 |  9.0
Unarmed Combat | 3 4 5 7 8 10 12 13 | 13.2
Fighting       | 3 4 5 6 7 8 |  8.2
Dodging        | 3 4 |  4.9

Action                   |  1- 3 |  4- 6 |  7- 9 | 10-12 || total
-------------------------+-------+-------+-------+-------++-------
Melee: Unarmed           |    91 |   162 |   270 |   525 ||  1048
       Flail             |       |       |       |    28 ||    28
Throw: Boomerang         |       |       |       |     7 ||     7
       Dart              |       |       |       |    21 ||    21
       Large rock        |       |       |       |     4 ||     4
       Throwing net      |       |       |       |     1 ||     1
Invok: Lunge             |       |       |    16 |    52 ||    68
       Whirlwind         |       |       |     9 |    89 ||    98
Evoke: Wand              |       |       |       |     1 ||     1
  Use: Scroll            |       |       |     8 |    11 ||    19
       Potion            |       |       |     2 |     3 ||     5
 Stab: Sleeping          |       |       |     2 |       ||     2
Armor: Robe              |    26 |    64 |    58 |    18 ||   166
       Troll leather arm |       |       |       |   105 ||   105
Dodge: Dodged            |    31 |    67 |    72 |   159 ||   329
Block: Kite shield       |    26 |    82 |   123 |   250 ||   481

Table legend: (Time is in decaauts)
 A = Elapsed time spent in this place.
 B = Non-inter-level travel time spent in this place.
 C = Inter-level travel time spent in this place.
 D = Time resting spent in this place.
 E = Time spent auto-exploring this place.
 F = Levels seen in this place.
 G = Mean time per level.
                   A        B        C        D        E       F      G
               +--------+--------+--------+--------+--------+-----+--------+
         Total |  10967 |   9430 |   1537 |    956 |   5398 |  14 |  783.4 |
       Dungeon |  10418 |   8921 |   1497 |    953 |   5258 |  12 |  868.2 |
        Temple |     51 |     11 |     40 |      0 |      7 |   1 |   51.0 |
        Bailey |    496 |    496 |      0 |      3 |    133 |   1 |  496.0 |
               +--------+--------+--------+--------+--------+-----+--------+

Top non-repeatable levels by time:
    D:11: 1246 daAuts
     D:6: 1115 daAuts
     D:7: 1027 daAuts
     D:8: 996 daAuts
     D:4: 960 daAuts
     D:2: 952 daAuts
     D:9: 951 daAuts
     D:3: 908 daAuts
     D:1: 770 daAuts
     D:5: 639 daAuts
    D:10: 582 daAuts
  Bailey: 496 daAuts
    D:12: 266 daAuts
  Temple: 51 daAuts
